 Dungeon Crawl Stone Soup version 0.18-a0-1782-gb76a692 (webtiles) character file.

11004 George the Blocker (level 12, -7/97 HPs)
             Began as a Formicid Fighter on Apr 17, 2016.
             Was a High Priest of Okawaru.
             Mangled by a hill giant
             ... wielding a +0 giant club
              (26 damage)
             ... on level 11 of the Dungeon.
             The game lasted 00:23:03 (11676 turns).

George the Blocker (Formicid Fighter)              Turns: 11676, Time: 00:23:03

Health: -7/97      AC: 17    Str: 24    XL:     12   Next: 2%
Magic:  26/26      EV:  8    Int:  8    God:    Okawaru [*****.]
Gold:   760        SH: 13    Dex: 12    Spells: 0 memorised, 11 levels left

rFire  . . .     SeeInvis +     L - +2 falchion (freeze)
rCold  . . .     Gourm    .     x - +2 chain mail {rPois}
rNeg   . . .     Faith    .     c - +1 shield
rPois  +         Spirit   .     (helmet unavailable)
rElec  .         Dismiss  .     U - +2 cloak
rCorr  .         Reflect  .     j - +0 pair of gloves
SustAt .         Harm     .     (no boots)
MR     +....                    (no amulet)
Stlth  ..........               P - ring of stealth
                                w - ring of magical power

@: drained, somewhat resistant to hostile enchantments, extremely unstealthy
A: permanent stasis, dig shafts and tunnels, four strong arms, antennae 3
a: Dig, Shaft Self, Heroism, Finesse, Renounce Religion


You were on level 11 of the Dungeon.
You worshipped Okawaru.
Okawaru was extremely pleased with you.
You were not hungry.

You visited 2 branches of the dungeon, and saw 12 of its levels.

You collected 760 gold pieces.

Inventory:

Hand Weapons
 L - a +2 falchion of freezing (weapon)
Armour
 c - a +1 shield (worn)
 j - a +0 pair of gloves (worn)
 x - a +2 chain mail of poison resistance (worn)
 U - a +2 cloak (worn)
 Y - a +1 chain mail of positive energy
Jewellery
 w - a ring of magical power (left hand)
 P - a ring of stealth (right hand)
Wands
 D - a wand of iceblast (10/15)
 J - a wand of paralysis (5/24)
 O - a wand of iceblast (10/15)
 W - a wand of slowing (4/48)
Scrolls
 i - 3 scrolls of enchant armour
 r - 4 scrolls of fog
 u - 5 scrolls of enchant weapon
 v - 3 scrolls of recharging
 y - 3 scrolls of remove curse
 T - 2 scrolls of identify
Potions
 d - 2 potions of might
 g - a potion of cancellation
 k - 4 potions of heal wounds
 l - 6 potions of curing
 n - a potion of agility
 A - a potion of magic
 B - a potion of ambrosia {unknown}
 I - a potion of brilliance {unknown}
 R - a potion of mutation {unknown}
 S - a potion of haste {unknown}
Comestibles
 f - 12 bread rations
 m - 7 meat rations
 V - 3 beef jerkies


   Skills:
 + Level 10.1(9.0) Fighting
 + Level 8.9(7.9) Long Blades
 + Level 9.8(8.7) Armour
 + Level 10.8(9.7) Shields
 + Level 7.3(6.3) Invocations


You had 11 spell levels left.
You didn't know any spells.

Dungeon Overview and Level Annotations

Branches:
Dungeon (11/15)            Temple (1/1) D:6            Lair (0/8) D:10
    Orc: D:9-12

Altars:
Ashenzari
Cheibriados
Dithmenos
Elyvilon
Fedhas
Gozag
Kikubaaqudgha
Makhleb
Nemelex Xobeh
Okawaru
Pakellas
Qazlal
Ru
Sif Muna
Trog
Vehumet
Xom
Yredelemnul
Zin
The Shining One

Shops:
D:4 *   D:8 :   D:9 :%*

Portals:
Trove: D:11 (give Akashic Record)

Annotations:
D:7 Prince Ribbit


Innate Abilities, Weirdness & Mutations

You are under a permanent stasis effect.
You can dig through walls and to a lower floor.
Your four strong arms can wield two-handed weapons with a shield.
You have a pair of large antennae on your head (SInv).


Message History

The hill giant is heavily wounded.
The hill giant hits you with a giant club!
You hit the hill giant but do no damage.
The hill giant is heavily wounded.
You slash the hill giant! You freeze the hill giant.
The hill giant is severely wounded.
The hill giant hits you with a giant club!
* * * LOW HITPOINT WARNING * * *
You hit the hill giant. You freeze the hill giant.
The hill giant is severely wounded.
You block the hill giant's attack.
You hit the hill giant but do no damage.
The hill giant is severely wounded.
You hit the hill giant. You freeze the hill giant.
The hill giant is severely wounded.
The hill giant barely misses you.
You hit the hill giant. You freeze the hill giant.
The hill giant is severely wounded.
The hill giant hits you with a giant club!!
You die...

#..............
#.....# #.#
#...###........
#.....# #..
#...##.[.......
....#.# #..
#...##......... #..
#...##.........
#...##.........
#...#..########
#...#.##########.###
#...#.......@C.....#
#......#########.#.#
##..#...# #$$$##
#.!.....##.....##
###.....#..8.8..#
#.......'.{....∩#
###.#...#..8.8..#
...#...##.....##
###.#...# #$$$##


You could see a hill giant.

Vanquished Creatures
  The ghost of ReniFell the Protected, a novice MiFi of Trog (D:10)
  Pikel (D:5)
  An unseen horror (D:9)
  A hill giant (D:9)
  An ugly thing (D:11)
  Joseph (D:9)
  3 trolls
  2 guardian mummies (D:11)
  A spriggan (D:8)
  A shadow (D:11)
  5 yaks (D:10)
  A hungry ghost (D:5)
  Eustachio (D:4)
  Grum (D:9)
  5 black bears
  4 sky beasts
  2 ice beasts
  2 orc warriors (D:9)
  A necrophage (D:6)
  3 ogres
  An eye of draining (D:11)
  2 centaurs
  2 wolves (D:9)
  A big kobold (D:7)
  6 giant frogs
  15 wights
  3 scorpions
  18 killer bees
  3 howler monkeys
  5 crimson imps
  2 quasits
  A wasp zombie (D:10)
  2 orc priests (D:10)
  3 centaur zombies
  5 hounds
  3 jellies
  2 giant frog skeletons
  Terence (D:2)
  3 iguanas
  3 orc wizards
  8 worker ants
  A hound zombie (D:8)
  A hound skeleton (D:7)
  5 gnolls
  10 adders
  A river rat (D:10)
  2 shadow imps
  An ooze (D:1)
  3 adder zombies
  4 worms
  6 giant geckos
  26 orcs
  15 bats
  3 giant cockroaches
  7 goblins
  10 hobgoblins
  10 jackals
  6 quokkas
  2 ball pythons
  A giant gecko skeleton (D:4)
  6 giant newts
  12 kobolds
  17 rats
276 creatures vanquished.

Vanquished Creatures (others)
  A worker ant (D:5)
  A giant newt (D:5)
  A quokka skeleton (D:5)
  13 fungi (D:10)
16 creatures vanquished.

Grand Total: 292 creatures vanquished

Notes
Turn   | Place    | Note
--------------------------------------------------------------
     0 | D:1      | George the Formicid Fighter began the quest for the Orb.
     0 | D:1      | Reached XP level 1. HP: 18/18 MP: 1/1
   121 | D:1      | Reached XP level 2. HP: 19/24 MP: 2/2
   238 | D:1      | Reached XP level 3. HP: 26/29 MP: 3/3
  1037 | D:2      | Reached XP level 4. HP: 37/37 MP: 4/4
  1077 | D:2      | Noticed Terence
  1093 | D:2      | Killed Terence
  1184 | D:2      | Reached XP level 5. HP: 41/42 MP: 5/5
  1828 | D:3      | Found a blossoming altar of Fedhas.
  2040 | D:3      | Reached skill level 5 in Shields
  2110 | D:3      | Reached XP level 6. HP: 49/49 MP: 6/6
  2131 | D:3      | Found a glowing silver altar of Zin.
  2458 | D:4      | Found Buluqah's General Store.
  2681 | D:4      | Noticed Eustachio
  2682 | D:4      | Noticed an ogre
  2717 | D:4      | Killed Eustachio
  2717 | D:4      | Reached skill level 5 in Fighting
  2717 | D:4      | Reached XP level 7. HP: 50/56 MP: 7/7
  2738 | D:4      | Reached skill level 5 in Armour
  2897 | D:5      | Entered Level 5 of the Dungeon
  2908 | D:5      | Noticed Pikel
  2938 | D:5      | Killed Pikel
  2938 | D:5      | Reached skill level 5 in Long Blades
  2938 | D:5      | Reached XP level 8. HP: 40/64 MP: 8/8
  3526 | D:5      | Reached XP level 9. HP: 71/71 MP: 9/9
  4262 | D:6      | Found a staircase to the Ecumenical Temple.
  4280 | Temple   | Entered the Ecumenical Temple
  4321 | Temple   | Became a worshipper of Warmaster Okawaru
  4765 | D:7      | Reached skill level 1 in Invocations
  5188 | D:7      | Found an oddly glowing altar of Pakellas.
  5268 | D:7      | Reached XP level 10. HP: 80/80 MP: 11/11
  5373 | D:7      | Noticed Prince Ribbit
  5447 | D:7      | Reached * piety under Okawaru
  5976 | D:8      | Found Yjoacwina's Book Shoppe.
  6733 | D:9      | Noticed Grum
  6744 | D:9      | Killed Grum
  6744 | D:9      | Reached ** piety under Okawaru
  6787 | D:9      | Found Mumez's Book Shop.
  6966 | D:9      | Found a shattered altar of Ashenzari.
  7092 | D:9      | Noticed Joseph
  7132 | D:9      | Killed Joseph
  7187 | D:9      | Found a snail-covered altar of Cheibriados.
  7303 | D:9      | Reached skill level 5 in Invocations
  7320 | D:9      | Reached *** piety under Okawaru
  7440 | D:9      | Found Hanin's General Store.
  7545 | D:9      | Found Siajyvip's Food Shop.
  7669 | D:9      | Reached XP level 11. HP: 89/89 MP: 14/14
  7701 | D:10     | Entered Level 10 of the Dungeon
  7994 | D:10     | Noticed a hill giant
  8018 | D:9      | Killed a hill giant
  8192 | D:10     | Reached skill level 10 in Shields
  8362 | D:10     | Noticed ReniFell's ghost (novice MiFi)
  9253 | D:10     | Found a staircase to the Lair.
  9761 | D:10     | Identified Vops's Tome of Supportive Poisoning
  9856 | D:10     | Reached **** piety under Okawaru
  9937 | D:9      | Noticed an unseen horror
  9970 | D:9      | Killed an unseen horror
 10266 | D:10     | Killed ReniFell's ghost
 10311 | D:10     | Found a sacrificial altar of Ru.
 10777 | D:11     | Noticed a brown ugly thing
 10798 | D:11     | Killed a brown ugly thing
 11335 | D:11     | Reached skill level 10 in Fighting
 11519 | D:11     | Found a portal to a secret trove of treasure.
 11561 | D:11     | Reached ***** piety under Okawaru
 11561 | D:11     | Reached XP level 12. HP: 45/97 MP: 17/17
 11676 | D:11     | Mangled by a hill giant

Vault maps used:
D:1:      wheals_arrival_linesprint
D:2:      uniq_terence
D:3:      overflow_temple_1_default, zin_scriptorium, serial_glass,
          glass_columns_a, glass_columns_c
D:4:      serial_shops, nicolae_shop_statue_plus, uniq_eustachio
D:5:      first_bread, amalloy_card_club, uniq_pikel
D:6:      minmay_temple_entry_butterflies
D:7:      grunt_pakellas_mercury, uniq_prince_ribbit1
D:8:      serial_shops, shop, the_bakery
D:9:      cheibriados_altar_wand_db, serial_shops, shop, kennysheep_mini_moat,
          nicolae_shop_crystal, evilmike_ruin_ashenzari, uniq_grum, uniq_joseph
D:10:     due_lair_maze_entry_diamond, basic_altar, minivault_16
D:11:     nicolae_trove_entry_path_of_doom, kb_rosetta
Temple:   nicolae_temple_the_god_donut

Skill      XL: |  1  2  3  4  5  6  7  8  9 10 11 |
---------------+----------------------------------+-----
Shields        | 4 5 6 7 8 9 10 | 10.8
Fighting       | 4 5 6 8 9 10 | 10.1
Long Blades    | 3 4 5 6 7 8 |  8.9
Armour         | 4 5 6 7 8 9 |  9.8
Invocations    | 2 5 7 |  7.3

Action                   |  1- 3 |  4- 6 |  7- 9 | 10-12 || total
-------------------------+-------+-------+-------+-------++-------
Melee: Long sword        |   115 |   273 |   183 |       ||   571
       Falchion          |       |       |   186 |   923 ||  1109
Invok: Heroism           |       |       |       |     2 ||     2
 Abil: Dig               |       |     2 |     1 |     2 ||     5
Evoke: Wand              |       |       |       |     3 ||     3
  Use: Scroll            |       |       |     6 |    14 ||    20
       Potion            |       |       |       |     1 ||     1
  Eat: Chunk             |     1 |     5 |     9 |    19 ||    34
       Bread ration      |       |       |     2 |       ||     2
       Fruit             |       |       |     3 |       ||     3
       Pizza             |       |       |       |     2 ||     2
Armor: Scale mail        |    58 |    10 |       |       ||    68
       Chain mail        |       |   117 |   167 |   348 ||   632
Dodge: Dodged            |    38 |    77 |    77 |   211 ||   403
Block: Shield            |    65 |   137 |   187 |   554 ||   943
